 Dungeon Crawl Stone Soup version 0.28.0-53-g5a82cb258f (webtiles) character file.

Game seed: 15297106407499161762

109902 quixfox the Peltast (level 16, -5/112 HPs)
             Began as a Gargoyle Fighter on July 16, 2022.
             Was the Champion of the Shining One.
             Killed by divine providence
             ... invoked by a meliai
              (13 damage)
             ... on level 2 of the Lair of Beasts on July 17, 2022.
             The game lasted 01:19:42 (34093 turns).

quixfox the Peltast (Gargoyle Fighter)             Turns: 34093, Time: 01:19:44

Health: -5/112     AC: 62    Str: 32    XL:     16   Next: 53%
Magic:  22/22      EV:  8    Int: 15    God:    the Shining One [******]
Gold:   1527       SH: 26    Dex: 13    Spells: 15/15 levels left

rFire   + + .      SeeInvis .   a - +11 hand axe "Dytai" {protect, Str+3}
rCold   . . .      Faith    .   K - +0 tower shield
rNeg    + + +      Spirit   .   Q - +13 chain mail of Vlad {rF++ Will-}
rPois   ∞          Reflect  +   f - +1 helmet {Int+3}
rElec   +          Harm     .   o - +2 cloak
rCorr   +          Rampage  .   s - +1 pair of gloves
Will    +++..                   l - +1 pair of boots
Stlth   ..........              L - amulet of the Evening {Reflect +Inv Will+++ Int+4 Dex+4 SH+5}
HPRegen 0.28/turn               i - ring of resist corrosion
MPRegen 0.18/turn               J - +4 ring of protection

@: under a protective aura, flying, glowing, studying Shields
A: sickness immunity, AC +12, big wings, negative energy resistance 1,
electricity resistance, torment resistance 1, petrification resistance
a: Renounce Religion, Evoke Invisibility, Divine Shield, Cleansing Flame, Summon
Divine Warrior, Brand Weapon With Holy Wrath


You were on level 2 of the Lair of Beasts.
You worshipped the Shining One.
The Shining One was exalted by your worship.
You visited 5 branches of the dungeon, and saw 25 of its levels.
You visited the Abyss 1 time.
You also visited: Ice Cave and Volcano.

You collected 2738 gold pieces.
You spent 1211 gold pieces at shops.

Inventory:

Hand Weapons
 a - the +11 hand axe "Dytai" (weapon) {protect, Str+3}
   (You found it on level 9 of the Dungeon)

   It grants its wielder temporary protection when it strikes (+7 to AC).
   Str:       It affects your strength (+3).
 b - a +0 hand crossbow
 D - a +0 morningstar of freezing
Missiles
 m - 2 throwing nets
 F - 109 bolts
 G - 12 silver javelins
Armour
 f - a +1 helmet of intelligence (worn)
 l - a +1 pair of boots (worn)
 o - a +2 cloak (worn)
 s - a +1 pair of gloves (worn)
 K - a +0 tower shield (worn)
 Q - the +13 chain mail of Vlad (worn) {rF++ Will-}
   (You found it on level 6 of the Lair of Beasts)

   rF:        It greatly protects you from fire.
   Will:      It decreases your willpower.
Jewellery
 g - a ring of protection from fire
 i - a ring of resist corrosion (left hand)
 y - a +6 ring of dexterity
 B - a +6 ring of intelligence
 J - a +4 ring of protection (right hand)
 L - the amulet of the Evening (around neck) {Reflect +Inv Will+++ Int+4 Dex+4 SH+5}
   (You bought it in a shop on level 3 of the Dungeon)

   [amulet of reflection]

   It reflects blocked missile attacks.
   Int:       It affects your intelligence (+4).
   Dex:       It affects your dexterity (+4).
   +Inv:      It lets you turn invisible.
   SH:        It affects your SH (+5).
   Will:      It greatly increases your willpower.
Wands
 p - a wand of paralysis (11)
 q - a wand of charming (4)
 r - a wand of acid (35)
 u - a wand of polymorph (9)
 x - a wand of flame (42)
 z - a wand of iceblast (33) (quivered)
Scrolls
 c - a scroll of teleportation
 j - 2 scrolls of enchant weapon
 A - a scroll of blinking
 I - 8 scrolls of identify
 O - a scroll of brand weapon
 P - 2 scrolls of fear
Potions
 d - 2 potions of might
 h - 4 potions of mutation
 k - 3 potions of heal wounds
 t - 6 potions of berserk rage
 v - 4 potions of haste
 w - 4 potions of brilliance
 C - a potion of resistance
 E - 2 potions of curing
 M - 2 potions of magic
 N - a potion of lignification


   Skills:
 + Level 17.2 Fighting
 - Level 9.5 Maces & Flails
 + Level 17.2 Armour
 + Level 19.4 Shields
 - Level 8.4 Invocations


You had 15 spell levels left.
You didn't know any spells.
Your spell library contained the following spells:

 Spells                   Type           Power      Damage    Failure   Level
 Animate Skeleton         Necr           0%         N/A       86%         1
 Pain                     Necr           0%         1d4       86%         1
 Summon Small Mammal      Summ           0%         N/A       86%         1
 Corpse Rot               Necr/Air       0%         N/A       94%         2
 Ensorcelled Hibernation  Hex/Ice        0%         N/A       94%         2
 Passwall                 Tmut/Erth      0%         N/A       94%         2
 Poisonous Vapours        Pois/Air       0%         N/A       94%         2
 Static Discharge         Conj/Air       0%         N/A       94%         2
 Call Canine Familiar     Summ           0%         N/A       99%         3
 Conjure Flame            Conj/Fire      0%         6-21      99%         3
 Ignite Poison            Fire/Tmut/Pois 0%         N/A       99%         3
 Ozocubu's Armour         Ice            0%         N/A       99%         3
 Spider Form              Tmut/Pois      0%         N/A       99%         3
 Summon Guardian Golem    Hex/Summ       0%         N/A       99%         3
 Swiftness                Air            0%         N/A       99%         3
 Vampiric Draining        Necr           0%         2d6       99%         3
 Anguish                  Hex/Necr       0%         N/A       100%        4
 Dispel Undead            Necr           0%         3d6       100%        4
 Leda's Liquefaction      Hex/Erth       0%         N/A       100%        4
 Sticky Flame             Conj/Fire      0%         2d3       100%        4
 Lee's Rapid Deconstruct  Erth           0%         3d5*      100%        5
 Death Channel            Necr           0%         N/A       100%        6
 Dispersal                Tloc           0%         N/A       100%        6
 Ozocubu's Refrigeration  Ice            0%         4d5       100%        7
 Disjunction              Tloc           0%         N/A       100%        8
 Statue Form              Tmut/Erth      Unusable   N/A       N/A         6

Dungeon Overview and Level Annotations

Branches:
Dungeon (15/15)            Temple (1/1) D:5            Lair (6/6) D:10
 Shoals (0/4) Lair:2       Spider (1/4) Lair:2        Slime (0/5) Lair:5
    Orc (2/2) D:10            Elf (0/3) Orc:2        Vaults (0/5) D:13
 Depths (0/4) D:15          IceCv (visited)         Volcano (visited)

Altars:
Ashenzari
Cheibriados
Dithmenos
Elyvilon
Gozag
Hepliaklqana
Kikubaaqudgha
Makhleb
Nemelex Xobeh
Okawaru
Qazlal
Ru
Sif Muna
Trog
Uskayaw
Vehumet
Wu Jian
Xom
Yredelemnul
Zin
The Shining One
Beogh

Shops:
D:3 =   D:10 !   D:11 :   Orc:2 *=*?[

Portals:
Pandemonium: Orc:2

Annotations:
D:3 2 runed translucent doors, Cidec's ghost, amateur DsFi
D:4 3 runed translucent doors, DocClef's ghost, novice GnIE
Lair:2 2 transporters, Ecorompe's ghost, journeyman DgWz


Innate Abilities, Weirdness & Mutations

You are immune to sickness and miasma.
Your stone body is resilient. (AC +12)
You are immune to poison.
Your large and strong wings let you fly.
You resist negative energy. (rN+)
You are resistant to electric shocks. (rElec)
You are resistant to unholy torment.
You are immune to petrification.


Message History

The meliai barely misses you.
The meliai stings you but does no damage.
You slash the meliai!
The meliai is almost dead.
You slash the meliai! You block the meliai's attack. x2
The meliai calls upon its god to heal the meliai.
The meliai is healed somewhat.
You block the meliai's attack.
The meliai stings you but does no damage.
The meliai hits you but does no damage. You block the meliai's attack.
The meliai hits you but does no damage. The meliai barely misses you.
You closely miss the meliai.
The meliai is heavily wounded.
You slash the meliai! You block the meliai's attack. x3
The meliai stings you but does no damage.
You block the meliai's attack.
The meliai stings you but does no damage.
The meliai hits you but does no damage.
The meliai stings you but does no damage.
You slash the meliai!
You kill the meliai!
The Shining One accepts your kill.
You feel better.
You closely miss the meliai.
The meliai invokes the aid of its god against you.
Something smites you!
* * * LOW HITPOINT WARNING * * *
You block the meliai's attack. x2; The meliai hits you but does no damage.
You block the meliai's attack.
You slash the meliai!
The meliai is almost dead.
You block the meliai's attack. x2; The meliai barely misses you.
The meliai stings you.
* * * LOW HITPOINT WARNING * * *
You barely miss the meliai.
The meliai is almost dead.
The meliai invokes the aid of its god against you.
Something smites you!
* * * LOW HITPOINT WARNING * * *
The meliai mumbles some strange prayers to its god against you.
Something smites you!
You die...

....#.≈≈≈≈.<.≈≈≈≈.....######P#...
..P##.≈≈≈≈...≈≈≈≈...### ##.###...
...#..≈≈≈≈≈≈≈≈≈≈....# ###.###...#
..###..≈≈≈≈≈≈≈≈≈....###..........
..##P...≈≈≈≈≈≈≈.....P#P....P#....
..###....≈...........##....###..#
..# #...P#...P......###...## #..#
#.# #...##......y...###P.P# #..#
.####...##.#.PP)@...##...#####..#
.###.....#.....†.)...............
.................................
######P####################..####
### #### #


You could see a meliai.

Vanquished Creatures
  Rupert (D:14)
  Roxanne (D:15)
  A stone giant (D:15)
  Nessos (D:14)
  A red draconian (Volcano)
  8 vault guards
  3 boulder beetles
  A death knight (D:15)
  14 hydras
  2 demonspawn (Orc:2)
  A catoblepas (Lair:6)
  5 centaur warriors
  5 two-headed ogres
  A deep troll shaman (Lair:6)
  Urug (D:10)
  9 death yaks
  2 tengu warriors (D:15)
  A thrashing horror (Abyss:2)
  6 orc high priests (Orc:2)
  Nergalle (Lair:3)
  A salamander mystic (Volcano)
  A skeletal warrior (D:15)
  2 deep trolls (D:8)
  2 wizards
  5 orc knights
  2 bog bodies (IceCv)
  A phantasmal warrior (D:15)
  2 lindwurms
  2 deep elf pyromancers (D:12)
  A wolf spider (D:15)
  12 ugly things
  6 orc sorcerers
  An oklob plant (Lair:6)
  4 manticores
  5 slime creatures
  15 elephants
  An ice statue (IceCv)
  A cyclops (D:12)
  6 salamanders (Volcano)
  2 smoke demons (Abyss:2)
  5 black mambas
  An orange demon (Orc:2)
  2 centaur zombies (D:10)
  A gargoyle (D:11)
  Maggie (D:9)
  19 cane toads
  3 yaktaurs (D:15)
  A komodo dragon (shapeshifter) (D:14)
  3 freezing wraiths
  8 komodo dragons
  A rime drake (Lair:4)
  An entropy weaver simulacrum (IceCv)
  A silent spectre (Abyss:2)
  A red devil (Orc:2)
  2 hellwings (Orc:2)
  2 meliai (Lair:2)
  10 trolls
  4 polar bears
  An ancient zyme (Abyss:2)
  A raiju (Abyss:2)
  7 dream sheep (Lair:6)
  14 blink frogs
  Prince Ribbit (D:6)
  A jumping spider (shapeshifter) (D:14)
  3 starcursed masses (Abyss:2)
  2 ynoxinuls (Orc:2)
  2 flying skulls (Abyss:2)
  12 wyverns
  3 wraiths
  A water elemental (D:15)
  4 shadows
  4 basilisks
  38 yaks
  3 vampire mosquitoes (D:12)
  5 steam dragons
  3 fire bats (Orc:1)
  2 death yak simulacra (IceCv)
  2 wargs
  Menkaure (D:6)
  A redback (Lair:2)
  A harpy simulacrum (IceCv)
  2 swamp worms (D:8)
  18 water moccasins
  7 black bears
  25 orc warriors
  11 ogres
  7 wolves
  6 centaurs
  A phantom (D:5)
  3 kobold brigands
  11 bullfrogs
  7 two-headed ogre simulacra (IceCv)
  3 cane toad simulacra
  4 scorpions
  2 wyvern skeletons
  2 water moccasin skeletons (D:5)
  4 elephant simulacra (IceCv)
  3 jellies
  3 vampire bats (Lair:4)
  7 howler monkeys
  An electric eel (D:15)
  2 quasits (Abyss:2)
  A hound (D:5)
  2 gnoll shamans
  19 orc priests
  3 bullfrog skeletons
  3 centaur skeletons
  Jessica (D:2)
  Ijyb (D:5)
  2 iguanas
  11 orc wizards
  A scorpion zombie (D:4)
  4 hell rats (Lair:5)
  2 polar bear simulacra (IceCv)
  2 wolf simulacra
  4 troll simulacra (IceCv)
  3 spriggan simulacra (IceCv)
  2 hound skeletons
  2 howler monkey zombies
  Robin (D:2)
  10 adders
  15 gnolls
  6 naga simulacra (IceCv)
  15 white imps
  2 ufetubi (IceCv)
  2 adder skeletons (D:4)
  A dart slug (D:5)
  51 orcs
  10 bats
  A bat zombie (D:15)
  6 endoplasms
  3 giant cockroaches
  9 hobgoblins
  3 jackals (D:1)
  5 quokkas
  6 ball pythons
  2 frilled lizards
  20 goblins
  22 kobolds
  A quokka skeleton (D:4)
  A quokka zombie (D:4)
  9 rats
  2 rat zombies (D:15)
  2 bushes (Abyss:3)
712 creatures vanquished.

Vanquished Creatures (others)
  A quokka (D:10)
  A bush (Lair:6)
  3 demonic plants (Abyss:3)
  36 fungi
  56 plants
97 creatures vanquished.

Grand Total: 809 creatures vanquished

Notes
Turn   | Place    | Note
-------+----------+-------------------------------------------
     0 | D:1      | quixfox the Gargoyle Fighter began the quest for the Orb.
     0 | D:1      | Reached XP level 1. HP: 14/14 MP: 1/1
   325 | D:1      | Reached XP level 2. HP: 18/19 MP: 2/2
   825 | D:1      | Reached XP level 3. HP: 20/23 MP: 3/3
  1854 | D:2      | Noticed Jessica
  1857 | D:2      | Killed Jessica
  1858 | D:2      | Reached XP level 4. HP: 24/29 MP: 4/4
  2251 | D:2      | Reached XP level 5. HP: 32/33 MP: 5/5
  2342 | D:2      | Noticed Robin
  2347 | D:2      | Killed Robin
  2883 | D:3      | Reached skill level 4 in Shields
  2978 | D:3      | Found a runed translucent door.
  2986 | D:3      | Noticed Cidec's ghost (amateur DsFi)
  3220 | D:3      | Reached XP level 6. HP: 38/39 MP: 6/6
  3237 | D:3      | Found Lies's Jewellery Shop.
  3441 | D:3      | Found a runed translucent door.
  3682 | D:4      | Found a runed translucent gate.
  3682 | D:4      | Found a runed translucent gate.
  3682 | D:4      | Found a runed translucent gate.
  3682 | D:4      | Noticed DocClef's ghost (novice GnIE)
  3685 | D:4      | Found a basalt altar of Yredelemnul.
  4373 | D:4      | Reached skill level 5 in Maces & Flails
  4373 | D:4      | Reached skill level 5 in Armour
  4373 | D:4      | Reached XP level 7. HP: 44/44 MP: 7/7
  4548 | D:4      | Reached skill level 5 in Fighting
  4561 | D:4      | Identified the +8 short sword of Uncertain Death {vorpal,
                  | Dex+2}
  4561 | D:4      | Noticed a yak
  4704 | D:4      | Reached skill level 5 in Shields
  4706 | D:4      | Noticed a yak
  5025 | D:3      | Killed a yak
  5026 | D:3      | Reached XP level 8. HP: 46/50 MP: 8/8
  5051 | D:4      | Noticed a yak
  5073 | D:3      | Killed a yak
  5121 | D:3      | Killed a yak
  5608 | D:5      | Entered Level 5 of the Dungeon
  5693 | D:5      | Noticed Ijyb
  5697 | D:5      | Found a staircase to the Ecumenical Temple.
  5707 | D:5      | Killed Ijyb
  5721 | D:4      | Reached skill level 6 in Shields
  5873 | D:5      | Reached XP level 9. HP: 49/56 MP: 9/9
  6599 | Temple   | Entered the Ecumenical Temple
  6758 | Temple   | Became a worshipper of the Shining One
  7244 | D:6      | Found a hide-covered altar of Uskayaw.
  7283 | D:6      | Noticed Prince Ribbit
  7295 | D:6      | Killed Prince Ribbit
  7418 | D:6      | Found a shimmering blue altar of Sif Muna.
  7624 | D:6      | Noticed Menkaure
  7641 | D:6      | Killed Menkaure
  7642 | D:6      | Reached skill level 7 in Shields
  7728 | D:6      | Found a sparkling altar of Nemelex Xobeh.
  8181 | D:7      | Reached * piety under the Shining One
  8454 | D:7      | Reached XP level 10. HP: 53/63 MP: 10/10
  8740 | D:7      | Noticed a deep troll
  8740 | D:7      | Noticed a deep troll
 10071 | D:9      | Noticed Maggie
 10085 | D:9      | Killed Maggie
 10086 | D:9      | Reached skill level 1 in Invocations
 10141 | D:9      | Reached skill level 8 in Shields
 10444 | D:9      | Found a shadowy altar of Dithmenos.
 10620 | D:9      | Identified the +11 hand axe "Dytai" {protect, Str+3}
 10946 | D:9      | Found a hazy altar of Hepliaklqana.
 11016 | D:10     | Entered Level 10 of the Dungeon
 11223 | D:10     | Found a broken altar of Ashenzari.
 11377 | D:10     | Found a staircase to the Lair.
 11388 | D:10     | Noticed Urug
 11406 | D:10     | Killed Urug
 11407 | D:10     | Reached XP level 11. HP: 69/69 MP: 11/13
 11414 | D:10     | Reached skill level 9 in Shields
 11445 | D:10     | Found a staircase to the Orcish Mines.
 11482 | D:10     | Found a white marble altar of Elyvilon.
 11484 | D:10     | Noticed a two-headed ogre
 11499 | D:10     | Killed a two-headed ogre
 11520 | D:10     | Noticed a two-headed ogre
 11595 | D:10     | HP: 3/71 [water moccasin (2)]
 11821 | D:10     | Killed a two-headed ogre
 11835 | D:10     | Reached skill level 5 in Invocations
 11945 | D:10     | Reached ** piety under the Shining One
 12119 | D:10     | Found Tile's Distillery.
 12539 | D:8      | Killed a deep troll
 12801 | D:8      | Killed a deep troll
 12802 | D:8      | Reached skill level 10 in Armour
 13008 | D:7      | Reached skill level 10 in Fighting
 13064 | D:7      | Found the necklace of Bloodlust {*Rage Will++ Int-3 Slay+6}
 13615 | D:7      | Reached skill level 10 in Shields
 13964 | D:11     | Found Segemyis's Book Shoppe.
 14072 | D:11     | Noticed an eight-headed hydra
 14112 | D:11     | Killed a nine-headed hydra
 14455 | D:11     | Noticed a boulder beetle
 14484 | D:11     | Killed a boulder beetle
 14485 | D:11     | Reached XP level 12. HP: 55/78 MP: 16/16
 15587 | D:12     | Noticed a boulder beetle
 15609 | D:12     | Killed a boulder beetle
 15610 | D:12     | Reached skill level 11 in Shields
 16095 | D:13     | Noticed a seven-headed hydra
 16106 | D:13     | Killed a seven-headed hydra
 16339 | D:13     | Found a gate to the Vaults.
 16339 | D:13     | Noticed a vault guard
 16339 | D:13     | Noticed a vault guard
 16339 | D:13     | Noticed a vault guard
 16339 | D:13     | Noticed a vault guard
 16339 | D:13     | Reached *** piety under the Shining One
 16339 | D:13     | Noticed a vault guard
 16392 | D:12     | Killed a vault guard
 16447 | D:12     | Killed a vault guard
 16562 | D:12     | Killed a vault guard
 16594 | D:13     | Killed a vault guard
 16599 | D:13     | Noticed a vault guard
 16744 | D:12     | Killed a vault guard
 16745 | D:12     | Reached XP level 13. HP: 68/85 MP: 19/19
 16840 | D:13     | Killed a vault guard
 16914 | D:13     | Noticed a vault guard
 16929 | D:13     | Killed a vault guard
 16930 | D:13     | Reached skill level 12 in Shields
 17003 | D:13     | Noticed a vault guard
 17020 | D:13     | Killed a vault guard
 17332 | D:3      | Bought the amulet of the Evening {Reflect +Inv Will+++
                  | Int+4 Dex+4 SH+5} for 864 gold pieces
 18527 | D:14     | Noticed Nessos
 18531 | D:14     | Killed Nessos
 19408 | D:14     | Reached skill level 13 in Shields
 19668 | D:14     | Noticed Rupert
 19703 | D:14     | Killed Rupert
 20038 | D:15     | Entered Level 15 of the Dungeon
 20209 | D:15     | Gained mutation: Your large and strong wings let you fly.
                  | [Gargoyle growth]
 20209 | D:15     | Reached XP level 14. HP: 38/94 MP: 20/20
 20754 | D:15     | Noticed Roxanne
 20821 | D:15     | Killed Roxanne
 20993 | D:15     | Reached **** piety under the Shining One
 21005 | D:15     | Found an ancient bone altar of Kikubaaqudgha.
 21291 | D:15     | Reached skill level 14 in Shields
 21501 | D:15     | Found a staircase to the Depths.
 21501 | D:15     | Noticed a stone giant
 21519 | D:15     | Killed a stone giant
 21698 | Lair:1   | Entered Level 1 of the Lair of Beasts
 21730 | Lair:1   | Found the +7 Kryia's mail coat {PotionHeal*2 rC+}
 21743 | Lair:1   | Found a frozen archway.
 21848 | IceCv    | Entered an ice cave
 22255 | IceCv    | Reached ***** piety under the Shining One
 22990 | IceCv    | Identified the +2 chain mail of Divine Compulsion {Int+5}
 23089 | IceCv    | Reached ****** piety under the Shining One
 23393 | Lair:1   | Identified a scroll of acquirement
 23393 | Lair:1   | Acquired a manual of Shields
 24342 | Lair:2   | Found a hole to the Spider Nest.
 24369 | Lair:2   | Reached skill level 15 in Shields
 24593 | Lair:2   | Found a staircase to the Shoals.
 24720 | Lair:2   | Reached skill level 15 in Armour
 24839 | Lair:2   | Found a transporter.
 24840 | Lair:2   | Noticed Ecorompe's ghost (journeyman DgWz)
 24856 | Lair:2   | Found a transporter.
 24863 | Lair:2   | Found a bloodstained altar of Trog.
 25115 | Lair:3   | Noticed Nergalle
 25127 | Lair:3   | Killed Nergalle
 25153 | Lair:3   | Reached skill level 15 in Fighting
 25166 | Lair:3   | You are sucked into a shaft and drop 2 floors!
 25166 | Lair:5   | Found a staircase to the Slime Pits.
 25254 | Lair:5   | Reached XP level 15. HP: 103/103 MP: 21/21
 25492 | Lair:4   | Reached skill level 16 in Shields
 26671 | Lair:4   | Identified the +4 ring mail of Ysumiph {rN+ Int+3 Dex+3
                  | Stlth+}
 28347 | Lair:6   | Entered Level 6 of the Lair of Beasts
 28465 | Lair:6   | Reached skill level 17 in Shields
 29052 | Lair:6   | Identified the +13 chain mail of Vlad {rF++ Will-}
 29944 | Lair:6   | Reached skill level 18 in Shields
 30405 | Orc:1    | Entered Level 1 of the Orcish Mines
 30415 | Orc:1    | Reached XP level 16. HP: 111/111 MP: 22/22
 30793 | Orc:1    | Found a dark tunnel.
 30804 | Volcano  | Entered a volcano
 30835 | Volcano  | Found a burning altar of Makhleb.
 30955 | Volcano  | Cast into level 2 of the Abyss (salamander)
 31225 | Abyss:3  | Found a corrupted altar of Lugonu.
 31259 | Volcano  | Escaped the Abyss
 31976 | Orc:2    | Entered Level 2 of the Orcish Mines
 32161 | Orc:2    | Found Pautt's Gadget Gallery.
 32695 | Orc:2    | Found Rarphal's General Store.
 32696 | Orc:2    | Found Qoukib's Magic Scroll Shoppe.
 32828 | Orc:2    | Bought a potion of heal wounds for 55 gold pieces
 33003 | Orc:2    | Reached skill level 19 in Shields
 33563 | Orc:2    | Found Beucor's Antique Armour Boutique.
 33563 | Orc:2    | Found Rashrut's Jewellery Shop.
 33563 | Orc:2    | Found a one-way gate leading to the halls of Pandemonium.
 33593 | Orc:2    | Bought a shiny helmet for 292 gold pieces
 33697 | Orc:2    | Found a staircase to the Elven Halls.
 34055 | Spider:1 | Entered Level 1 of the Spider Nest
 34093 | Lair:2   | Killed from afar by a meliai

Illustrated notes

Levels and vault maps discovered:
D:1:      shiori_arrival_oz, layout_basic, serial_forest,
          infiniplex_forest_straight_3, infiniplex_forest_straight_4,
          infiniplex_forest_clump_curved, infiniplex_forest_straight_3,
          infiniplex_forest_clump_diagonal, infiniplex_forest_lined_3,
          infiniplex_forest_clump_double, minmay_misc_feat_plants
D:2:      layout_basic, minmay_misc_feat_rows, hangedman_decor_clover_reticule,
          uniq_jessica, uniq_robin
D:3:      layout_rooms, ebering_ghost_sewer_f, serial_shops, shop,
          serial_bayou_lagoon_a, hangedman_abyss_or_decor_lesser_grid,
          st_stairs_3
D:4:      layout_loops_cross, nicolae_yredelemnul_ghost_church, minmay_mini_jars
D:5:      layout_basic, minmay_temple_entry_statues_fountains,
          minmay_misc_feat_roman, uniq_ijyb
D:6:      layout_basic, mainiacjoe_overflow_catwalk,
          mainiacjoe_overflow_concentric_impassable,
          mainiacjoe_overflow_surrounded_room, uniq_prince_ribbit1,
          uniq_menkaure
D:7:      layout_layer_cave, hellmonk_guarded_unrand_vitality_bloodlust
D:8:      layout_loops_corners, nicolae_overflow_hidden_temple, worms_lemuel
D:9:      layout_long_grid, nicolae_hepliaklqana_hippocampus,
          old_standard_altar, uniq_maggie
D:10:     layout_long_grid, ashenzari_altar_1, elyvilon_altar_4,
          minmay_lair_entry_grove, serial_shops, nicolae_shop_behind_doors,
          st_stairs_13, minmay_increasing_density, uniq_urug
D:11:     layout_basic, serial_shops, nicolae_shop_hallway_stairs
D:12:     layout_irregular_city, drop_trap
D:13:     layout_grid_maze, erik_vaults_2
D:14:     layout_grid_maze, lightli_corner_chamber, uniq_nessos, uniq_rupert
D:15:     grunt_enter_depths_snipers, layout_basic, minmay_misc_feat_chi,
          lemuel_zombie_altar_kikubaaqudgha, uniq_roxanne
Temple:   nicolae_temple_figure_eight
Lair:1:   layout_hall_layers, portal_ice_cave_entry_ice_simulacra,
          chequers_serial_rivers_small_3, beast_lair_carwin_7
Lair:2:   layout_regular_city, elwin_shoals_entry_rooms, dummy_spider_entry,
          gammafunk_ghost_wrathful_warriors, beast_lair_carwin_3,
          infiniplex_staircase_pool_2
Lair:3:   layout_cave_pods, gauntlet_entry_generic, grunt_megastairs_2,
          infiniplex_staircase_pool, uniq_nergalle
Lair:4:   layout_long_grid, serial_forest, infiniplex_forest_straight_2,
          infiniplex_forest_straight_1, infiniplex_forest_clump_long,
          infiniplex_forest_end_1, infiniplex_forest_lined_room_,
          infiniplex_forest_side_room, roderic_batcave, grunt_megastairs_4
Lair:5:   layout_regular_city, slime_dummy, minmay_stone_trees_large
Lair:6:   grunt_lair_end_beastmaster, layout_cave_pods
Spider:1: layout_spider_delve, hangedman_spider_tarantella_strand
Orc:1:    layout_caves, nicolae_volcano_entry_batcave
Orc:2:    pf_orc_diabolical, layout_caves, basic_altar, nicolae_shop_gadgets

Skill      XL: |  1  2  3  4  5  6  7  8  9 10 11 12 13 14 15 16 |
---------------+-------------------------------------------------+-----
Maces & Flails | 3 4 5 6 7 9 |  9.5
Armour         | 4 5 6 7 9 10 11 13 15 16 17 | 17.2
Fighting       | 4 5 6 7 8 10 11 13 15 16 17 | 17.2
Shields        | 4 5 6 7 8 10 11 13 15 18 19 | 19.4
Invocations    | 3 6 8 |  8.4

Action                   |  1- 3 |  4- 6 |  7- 9 | 10-12 | 13-15 | 16-18 || total
-------------------------+-------+-------+-------+-------+-------+-------++-------
Melee: Flail             |   132 |   252 |    36 |       |       |       ||   420
       Short sword       |       |       |   251 |    58 |       |       ||   309
       Hand axe          |       |       |       |   411 |  1298 |   584 ||  2293
       Morningstar       |       |       |       |    59 |    67 |       ||   126
 Fire: Hand crossbow     |       |       |       |       |     5 |       ||     5
Invok: Divine Shield     |       |       |       |     3 |     2 |       ||     5
       Cleansing Flame   |       |       |       |       |     1 |       ||     1
Evoke: Wand              |       |       |       |       |       |     6 ||     6
  Use: Scroll            |       |    10 |     4 |     9 |    12 |     1 ||    36
       Potion            |       |       |     1 |     1 |     1 |     3 ||     6
Armor: Scale mail        |    88 |   142 |   102 |       |   422 |       ||   754
       Chain mail        |       |       |    98 |       |   340 |   315 ||   753
       Plate armour      |       |       |       |   340 |    93 |       ||   433
Dodge: Dodged            |    57 |   132 |   123 |   104 |   314 |   124 ||   854
Block: Buckler           |    21 |    51 |    55 |       |       |       ||   127
       Kite shield       |       |       |    45 |   436 |   306 |       ||   787
       Reflection        |       |       |       |     9 |    38 |     4 ||    51
       Tower shield      |       |       |       |       |  1335 |   771 ||  2106
